 Dungeon Sprint DCSS version 0.28-a0-883-gc8d7bad45d (webtiles) character file.

Game seed: 12471132804731910435

25174 mhtbhm the Shatterer (level 12, -34/140 HPs)
             Began as a Minotaur Berserker on Nov 21, 2021.
             Was the Champion of Trog.
             Killed by an exploding ball lightning (44 damage)
             ... in the Dungeon (Sprint I: "Red Sonja").
             The game lasted 00:10:42 (5123 turns).

mhtbhm the Shatterer (Minotaur Berserker)           Turns: 5123, Time: 00:10:43

Health: -34/140    AC: 22    Str: 25    XL:     12   Next: 87%
Magic:  0/11       EV: 12    Int:  4    God:    Trog [******]
Gold:   1840       SH:  0    Dex: 12    Spells: 11/11 levels left

rFire   + + .      SeeInvis .   a - +7 great mace "Firestarter" {inner flame, rF++}
rCold   . . .      Faith    .   (shield currently unavailable)
rNeg    . . .      Spirit   .   b - +1 plate armour {rPois}
rPois   +          Reflect  .   n - +2 hat
rElec   .          Harm     .   j - scarf {shadows}
rCorr   .          Rampage  .   r - +0 pair of gloves
Will    .....      NoTele   +   (no boots)
Stlth   ..........              (no amulet)
HPRegen 0.33/turn               (no ring)
MPRegen 0.12/turn               (no ring)

@: mighty, on berserk cooldown, flying (expiring), slowed, very slow
A: horns 2, retaliatory headbutt
a: Renounce Religion, Berserk, Trog's Hand, Brothers in Arms


You were in the Dungeon.
You worshipped Trog.
Trog was exalted by your worship.
You visited 1 branch You collected 3412 gold pieces.
You spent 1572 gold pieces at shops.

Inventory:

Hand Weapons
 a - the +7 great mace "Firestarter" (weapon) {inner flame, rF++}
   (Trog gifted it to you in the Dungeon)

   It burns those it strikes, dealing additional fire damage.
   It fills those it strikes with an explosive inner flame.
   It grants immunity to clouds of flame.
   rF:        It greatly protects you from fire.
 s - the +8 mithril axe "Arga" {speed, Will+}
   (You found it in the Dungeon)

   Attacks with this weapon are significantly faster.
   Will:      It increases your willpower.
Missiles
 m - a curare-tipped dart (quivered)
Armour
 b - a +1 plate armour of poison resistance (worn)
 j - a scarf of shadows (worn)
 n - a +2 hat (worn)
 q - the +0 chain mail of Rysuil {+Blink rC+ Will+ Regen+}
   (You found it in the Dungeon)

   rC:        It protects you from cold.
   +Blink:    It lets you blink.
   Regen:     It increases your rate of health regeneration.
   Will:      It increases your willpower.
 r - a +0 pair of gloves (worn)
Scrolls
 i - a scroll of fog
 o - a scroll of vulnerability {unknown}
 p - a scroll of immolation {unknown}
Potions
 c - 6 potions of curing
 e - a potion of haste
 f - 3 potions of magic
 g - a potion of berserk rage
 h - 5 potions of flight
 l - a potion of invisibility


   Skills:
 + Level 23.1 Fighting
 + Level 23.3 Maces & Flails
 + Level 0.9 Throwing
 + Level 17.8 Armour
 + Level 13.1 Dodging
 + Level 4.8 Stealth


You had 11 spell levels left.
You didn't know any spells.
Your spell library was empty.

Dungeon Overview and Level Annotations

Branches:
Dungeon (1/1)

Altars:
Cheibriados
Dithmenos
Elyvilon
Fedhas
Gozag
Hepliaklqana
Kikubaaqudgha
Makhleb
Nemelex Xobeh
Okawaru
Qazlal
Ru
Sif Muna
Trog
Uskayaw
Vehumet
Wu Jian
Xom
Yredelemnul
Zin
The Shining One
Jiyva
Lugonu

Shops:
D [([[[*([:*[[:[[!=

Annotations:
D Lom Lobon, Tiamat


Innate Abilities, Weirdness & Mutations

You have a pair of horns on your head.
You reflexively headbutt those who attack you in melee.


Message History

Your stone giant hits Lom Lobon!!
Lom Lobon hits your stone giant.
Unknown command.
You feel very mighty all of a sudden.
You are engulfed in whirling frost.
Your stone giant misses Lom Lobon.
Your deep troll completely misses Lom Lobon.
Your deep troll closely misses Lom Lobon.
Your deep troll claws Lom Lobon.
Your stone giant misses Lom Lobon.
Lom Lobon gestures.
Your deep troll closely misses Lom Lobon.
Your deep troll claws Lom Lobon!!
Your deep troll claws Lom Lobon but does no damage. 3 ball lightnings come into view.
Unknown command.
You sock the ball lightning!
The ball lightning explodes!
The blast of lightning engulfs your stone giant!!
The blast of lightning engulfs you!
* * * LOW HITPOINT WARNING * * *
The blast of lightning engulfs your deep troll!!!
Your deep troll dies!
Your deep troll's corpse disappears in a puff of smoke!
The blast of lightning engulfs Lom Lobon.
Lom Lobon completely resists.
The blast of lightning engulfs the ball lightning.
The ball lightning completely resists.
The blast of lightning engulfs the ball lightning.
The ball lightning completely resists.
You are engulfed in whirling frost.
* * * LOW HITPOINT WARNING * * *
The ball lightning explodes!
The blast of lightning engulfs Lom Lobon.
Lom Lobon completely resists.
The blast of lightning engulfs you!
* * * LOW HITPOINT WARNING * * *
The blast of lightning engulfs the ball lightning.
The ball lightning completely resists.
The blast of lightning engulfs your stone giant!!!
Your stone giant dies!
Your stone giant's corpse disappears in a puff of smoke!
The ball lightning explodes!
The blast of lightning engulfs you!!!
You die...

##'#,,*,,*,###.#.≈..#...§.....§..
##.#,,,,,,,,,#.###..#....§:......
####,,,,,,,,,#.#.+..##..........#
#,,+,,,,,,####'#)##)##..........#
#####,,,###....#.#≈≈≈##........##
#...#####)).####.#≈§≈≈##.[..:(##,
#......)).###,,..#§§§≈≈########,,
.[....#####,^,,####§§≈≈#≈≈≈≈≈*,,,
)....##,,,^,,,^#@§#§§≈§&§§.≈≈',,,
....##,^,,,^,^,#§§§##§≈#≈≈≈≈≈*≈≈≈
....#,,,,,,,,,,#§&§§######'#****≈
#####****,,,,,^#§§§§#≈≈≈≈≈≈≈≈≈≈**
≈≈≈≈≈≈≈,*,,,,,,######*≈≈≈≈≈≈≈≈≈≈≈
########*,,,,,,+,,*,,',,,≈≈≈≈≈≈≈*
.0..+,,,,,,,,,,*,,+,,*,,,,,,,,≈≈≈
#####****************************


You could see Lom Lobon (vortex).

Vanquished Creatures
  the Lernaean hydra (D)
  A golden dragon (D)
  A deep elf master archer (D)
  4 fire giants (D)
  A deep elf annihilator (D)
  A lorocyproca (D)
  A mummy priest (D)
  2 centaur warriors (D)
  A hydra (D)
  Sonja (D)
  A deep troll (D)
  A lindwurm (D)
  2 oklob plants (D)
  2 merfolk sirens (D)
  2 gargoyles (D)
  2 kobold demonologists (D)
  7 unseen horrors (D)
  4 demonic crawlers (D)
  A hellwing (D)
  4 hornets (D)
  A slime creature (D)
  Sigmund (D)
  2 redbacks (D)
  13 hogs (D)
  A yak (D)
  3 floating eyes (D)
  7 necrophages (D)
  An ogre (D)
  8 jellies (D)
  Ijyb (D)
  A ball lightning (D)
79 creatures vanquished.

Vanquished Creatures (collateral kills)
  A shadow dragon (D)
1 creature vanquished.

Vanquished Creatures (others)
  2 ball lightnings (D)
  2 ballistomycete spores (D)
4 creatures vanquished.

Grand Total: 84 creatures vanquished

Notes
Turn   | Place    | Note
-------+----------+-------------------------------------------
     0 | D        | mhtbhm the Minotaur Berserker began the quest for the Orb.
     0 | D        | Reached XP level 1. HP: 19/19 MP: 0/0
     1 | D        | Noticed Ijyb
     4 | D        | Killed Ijyb
     5 | D        | Reached skill level 5 in Fighting
     5 | D        | Reached skill level 5 in Maces & Flails
     5 | D        | Reached XP level 2. HP: 29/29 MP: 1/1
   120 | D        | Noticed an ogre
   125 | D        | Killed an ogre
   126 | D        | Reached XP level 3. HP: 39/39 MP: 2/2
   126 | D        | Reached XP level 4. HP: 47/47 MP: 3/3
   177 | D        | Noticed Sigmund
   186 | D        | Killed Sigmund
   186 | D        | Reached ** piety under Trog
   187 | D        | Reached skill level 10 in Maces & Flails
   187 | D        | Reached skill level 5 in Armour
   187 | D        | Reached XP level 5. HP: 30/58 MP: 4/4
   461 | D        | Found an ornate altar of the Wu Jian Council.
   461 | D        | Found a shimmering blue altar of Sif Muna.
   463 | D        | Found a radiant altar of Vehumet.
   468 | D        | Reached skill level 10 in Fighting
   468 | D        | Reached skill level 5 in Dodging
   468 | D        | Reached XP level 6. HP: 53/66 MP: 5/5
   531 | D        | Found Nywefev's Weapon Emporium.
   531 | D        | Found an ancient bone altar of Kikubaaqudgha.
   531 | D        | Found a hazy altar of Hepliaklqana.
   531 | D        | Found a stormy altar of Qazlal.
   531 | D        | Found a hide-covered altar of Uskayaw.
   531 | D        | Found a blossoming altar of Fedhas.
   531 | D        | Found a bloodstained altar of Trog.
   531 | D        | Found an iron altar of Okawaru.
   531 | D        | Found a basalt altar of Yredelemnul.
   531 | D        | Found a glowing golden altar of the Shining One.
   531 | D        | Found a snail-covered altar of Cheibriados.
   531 | D        | Found a sacrificial altar of Ru.
   531 | D        | Found a glowing silver altar of Zin.
   531 | D        | Found a shadowy altar of Dithmenos.
   531 | D        | Found a white marble altar of Elyvilon.
   531 | D        | Noticed a yak
   540 | D        | Killed a yak
   541 | D        | Found an opulent altar of Gozag.
   542 | D        | Found a sparkling altar of Nemelex Xobeh.
   736 | D        | Found a burning altar of Makhleb.
   736 | D        | Found a viscous altar of Jiyva.
   736 | D        | Found a shimmering altar of Xom.
   736 | D        | Found a corrupted altar of Lugonu.
   736 | D        | Noticed a slime creature
   744 | D        | Killed a slime creature
   745 | D        | Reached XP level 7. HP: 75/75 MP: 6/6
   806 | D        | Noticed a centaur warrior
   806 | D        | Noticed a centaur warrior
   814 | D        | Killed a centaur warrior
   814 | D        | Reached *** piety under Trog
   815 | D        | Reached XP level 8. HP: 32/86 MP: 7/7
   820 | D        | Killed a centaur warrior
   821 | D        | Reached skill level 15 in Maces & Flails
   821 | D        | Reached skill level 1 in Stealth
  1194 | D        | Noticed a deep troll
  1197 | D        | Killed a deep troll
  1198 | D        | Reached skill level 15 in Fighting
  1198 | D        | Reached XP level 9. HP: 97/97 MP: 8/8
  1210 | D        | Found Xoiciq's Armour Emporium.
  1377 | D        | Noticed an oklob plant
  1386 | D        | Killed an oklob plant
  1477 | D        | Reached **** piety under Trog
  1641 | D        | Killed an unseen horror
  1817 | D        | Killed an unseen horror
  1983 | D        | Reached ***** piety under Trog
  1984 | D        | Reached skill level 10 in Dodging
  2001 | D        | Reached XP level 10. HP: 110/110 MP: 9/9
  2076 | D        | Reached ****** piety under Trog
  2076 | D        | Received a gift from Trog
  2118 | D        | Found Pijet's Antique Armour Shoppe.
  2118 | D        | Found Lielucaa's Antique Armour Shop.
  2118 | D        | Found Neac's Armour Boutique.
  2120 | D        | Found Uloroar's General Store.
  2120 | D        | Found Nuiwets's Distillery.
  2120 | D        | Found Tubok's Weapon Shoppe.
  2120 | D        | Found Watinics's Armour Boutique.
  2120 | D        | Found Mah Magreso's Book Emporium.
  2120 | D        | Found Suituij's General Store.
  2120 | D        | Found Yceuzeah's Antique Armour Shoppe.
  2131 | D        | Bought a transparent scale mail for 207 gold pieces
  2131 | D        | Identified the +1 scale mail of Wisdom {Harm rN+} (You
                  | bought it in a shop in the Dungeon)
  2137 | D        | Found Cugun's Antique Armour Boutique.
  2138 | D        | Found Vutilado's Antique Armour Emporium.
  2138 | D        | Found Vucacs's Book Boutique.
  2139 | D        | Found Liupt's Distillery.
  2144 | D        | Bought a glowing scarf for 208 gold pieces
  2153 | D        | Bought a potion of heal wounds for 65 gold pieces
  2153 | D        | Bought a potion of curing for 39 gold pieces
  2185 | D        | Bought a potion of heal wounds for 65 gold pieces
  2185 | D        | Bought a potion of might for 52 gold pieces
  2257 | D        | Received a gift from Trog
  2258 | D        | Reached skill level 10 in Armour
  2421 | D        | Noticed a lindwurm
  2422 | D        | Killed a lindwurm
  2451 | D        | Reached XP level 11. HP: 99/122 MP: 3/10
  2457 | D        | Received a gift from Trog
  2597 | D        | Noticed a 12-headed hydra
  2599 | D        | Killed a 12-headed hydra
  2749 | D        | Noticed Sonja
  2752 | D        | Killed Sonja
  2869 | D        | Found Maupridud's Antique Armour Boutique.
  2882 | D        | Bought a shiny plate armour for 598 gold pieces
  2931 | D        | Received a gift from Trog
  2931 | D        | Found the +7 great mace "Firestarter" {inner flame, rF++}
  3064 | D        | Noticed a daeva
  3672 | D        | Noticed a fire giant
  3673 | D        | Noticed a fire giant
  3675 | D        | Noticed a fire giant
  3679 | D        | Killed a fire giant
  3679 | D        | Received a gift from Trog
  3685 | D        | Noticed a fire giant
  3686 | D        | Killed a fire giant
  3690 | D        | Killed a fire giant
  3695 | D        | Killed a fire giant
  3706 | D        | Found the +4 dragonskin cloak
  3706 | D        | Noticed Tiamat
  3717 | D        | Identified the +0 chain mail of Rysuil {+Blink rC+ Will+
                  | Regen+}
  4001 | D        | Found the +8 mithril axe "Arga" {speed, Will+}
  4001 | D        | Noticed a shadow dragon
  4001 | D        | Noticed a golden dragon
  4008 | D        | Killed a shadow dragon
  4009 | D        | Reached XP level 12. HP: 115/136 MP: 11/11
  4011 | D        | Killed a golden dragon
  4012 | D        | Reached skill level 15 in Armour
  4132 | D        | Found Hipif's Jewellery Shoppe.
  4214 | D        | Killed a lorocyproca
  4404 | D        | Noticed a deep elf annihilator
  4421 | D        | Received a gift from Trog
  4437 | D        | Killed a deep elf annihilator
  4609 | D        | Bought a potion of flight for 39 gold pieces
  4609 | D        | Bought a potion of flight for 39 gold pieces
  4609 | D        | Bought a potion of flight for 39 gold pieces
  4609 | D        | Bought a potion of invisibility for 104 gold pieces
  4620 | D        | Bought a potion of flight for 39 gold pieces
  4620 | D        | Bought a potion of flight for 39 gold pieces
  4620 | D        | Bought a potion of flight for 39 gold pieces
  4700 | D        | Noticed a mummy priest
  4709 | D        | Killed a mummy priest
  4709 | D        | Received a gift from Trog
  4859 | D        | Noticed a deep elf master archer
  4864 | D        | Killed a deep elf master archer
  5099 | D        | Noticed the 27-headed Lernaean hydra
  5109 | D        | Killed the 27-headed Lernaean hydra
  5113 | D        | Noticed Lom Lobon
  5123 | D        | Killed by an exploding ball lightning

Illustrated notes

Levels and vault maps discovered:
D:        dungeon_sprint_1 [red_sonja_temple_1, red_sonja_temple_small_1]

Skill      XL: |  1  2  3  4  5  6  7  8  9 10 11 12 |
---------------+-------------------------------------+-----
Fighting       | 5 7 9 10 11 13 15 16 19 21 23 | 23.1
Maces & Flails | 5 7 10 12 14 16 17 18 21 23 | 23.3
Armour         | 3 4 5 6 7 8 9 11 14 17 | 17.8
Dodging        | 3 4 5 6 7 8 10 11 12 13 | 13.1
Stealth        | 1 2 4 |  4.8
Throwing       | |  0.9

Action                   |  1- 3 |  4- 6 |  7- 9 | 10-12 || total
-------------------------+-------+-------+-------+-------++-------
Melee: Mace              |     6 |    25 |    53 |    22 ||   106
       Headbutt          |     1 |     4 |    19 |    32 ||    56
       Great mace        |       |       |       |   124 ||   124
Throw: Dart              |       |       |       |     1 ||     1
Invok: Berserk           |     1 |     2 |     8 |     8 ||    19
       Brothers in Arms  |       |       |       |     3 ||     3
  Use: Scroll            |       |       |     1 |     3 ||     4
       Potion            |       |       |       |     6 ||     6
Armor: Leather armour    |       |     3 |     3 |       ||     6
       Ring mail         |       |       |    15 |     3 ||    18
       Scale mail        |       |       |       |    10 ||    10
       Plate armour      |       |       |       |   103 ||   103
Dodge: Dodged            |     3 |     7 |    23 |    87 ||   120

Table legend: (Time is in decaauts)
 A = Elapsed time spent in this place.
 B = Non-inter-level travel time spent in this place.
 C = Inter-level travel time spent in this place.
 D = Time resting spent in this place.
 E = Time spent auto-exploring this place.
 F = Levels seen in this place.
 G = Mean time per level.
                   A        B        C        D        E       F      G
               +--------+--------+--------+--------+--------+-----+--------+
         Total |   5268 |   5224 |     44 |   3541 |      1 |   1 | 5268.0 |
       Dungeon |   5268 |   5224 |     44 |   3541 |      1 |   1 | 5268.0 |
               +--------+--------+--------+--------+--------+-----+--------+

Top non-repeatable levels by time:
       D: 5268 daAuts
